 Dungeon Crawl Stone Soup version 0.31-a0-1098-g6898e6545c (webtiles) character file.

Game seed: 9391751451876324743

23068 Revguard the Fighter (level 13, -1/119 HPs)
             Began as a Ghoul Gladiator on Nov 30, 2023.
             Was a Believer of Ru.
             Slain by Snorg (5 damage)
             ... on level 12 of the Dungeon.
             The game lasted 00:37:30 (13698 turns).

Revguard the Fighter (Ghoul Gladiator)             Turns: 13698, Time: 00:37:30

Health: -1/119     AC: 24    Str: 29    XL:     13   Next: 4%
Magic:  12/12      EV: 10    Int:  7    God:    Ru [**....]
Gold:   487        SH:  5    Dex: 10    Spells: 12/12 levels left

rFire   . . .        C - +0 halberd (vamp)
rCold   + + .        (shield currently unavailable)
rNeg    + + +        G - +4 plate armour {rC+}
rPois   ∞            (no helmet)
rElec   .            p - +0 cloak
rCorr   .            (no gloves)
SInv    .            (no boots)
Will    .....        i - amulet of reflection Stlth
                     f - +6 ring of strength
HPRegen 0.00/turn    v - +4 ring of protection
MPRegen 0.13/turn

%: reflection
@: inhibited regen
A: claws 1, cold resistance 1, negative energy resistance 3, inhibited
regeneration, torment resistance 2, inability to read after injury 2, no
conjurations magic, no ice magic, no transmutations magic, devour on kill
a: Renounce Religion


You were on level 12 of the Dungeon.
You worshipped Ru.
Ru was pleased with you.
You visited 2 branches of the dungeon, and saw 13 of its levels.
You also visited: Bailey.

You collected 764 gold pieces.
You spent 277 gold pieces at shops.

Inventory:

Hand Weapons
 j - a +0 battleaxe
 r - a +5 halberd
 C - a +0 vampiric halberd (weapon)
 E - a +1 demon whip of venom
Missiles
 d - 3 throwing nets (quivered)
 e - 6 javelins
Armour
 n - the +4 ring mail "Geafur" {rCorr Str+3}
   (You found it in a bailey)

   Str+3:     It affects your strength (+3).
   rCorr:     It protects you from acid and corrosion.
 p - a +0 cloak (worn)
 w - the +2 steam dragon scales of the Garden {rN+}
   (You found it in a bailey)

   rN+:       It protects you from negative energy.
 A - a +1 plate armour
 G - a +4 plate armour of cold resistance (worn)
 H - quicksilver dragon scales
Jewellery
 a - a +6 ring of strength
 f - a +6 ring of strength (left claw)
 g - a ring of ice
 i - an amulet of reflection (around neck)
 t - a ring of resist corrosion
 v - a +4 ring of protection (right claw)
 x - a ring of fire
 F - an amulet of guardian spirit
Wands
 b - a wand of mindburst (5)
 c - a wand of paralysis (8)
 o - a wand of flame (46)
 J - a wand of iceblast (7)
Scrolls
 h - 3 scrolls of fog
 m - 3 scrolls of vulnerability
 y - 2 scrolls of immolation
 I - 2 scrolls of identify
Potions
 k - 2 potions of lignification {unknown}
 l - 2 potions of curing
 q - 2 potions of enlightenment
 s - a potion of attraction
 u - 2 potions of brilliance
 B - 2 potions of haste


   Skills:
 * Level 12.3 Fighting
 * Level 9.4 Axes
 - Level 1.7 Throwing
 * Level 10.2 Armour
 + Level 8.0 Dodging
 - Level 0.7 Invocations
 + Level 7.1 Evocations


You had 12 spell levels left.
You didn't know any spells.
Your spell library contained the following spells:

 Spells                   Type           Power      Damage    Failure   Level
 Blink                    Tloc           0%         N/A       99%         2
 Jinxbite                 Hex            0%         N/A       99%         2
 Gell's Gravitas          Tloc           0%         N/A       100%        3
 Summon Guardian Golem    Hex/Summ       0%         N/A       100%        3
 Swiftness                Air            0%         N/A       100%        3
 Teleport Other           Tloc           0%         N/A       100%        3
 Anguish                  Hex/Necr       0%         N/A       100%        4
 Manifold Assault         Tloc           0%         N/A       100%        4
 Dispersal                Tloc           0%         N/A       100%        6
 Ensorcelled Hibernation  Hex/Ice        Unusable   N/A       N/A         2
 Passwall                 Tmut/Erth      Unusable   N/A       N/A         2
 Ozocubu's Armour         Ice            Unusable   N/A       N/A         3
 Orb of Destruction       Conj           Unusable   9d5       N/A         7
 Ozocubu's Refrigeration  Ice            Unusable   4d7       N/A         7
 Spellforged Servitor     Conj/Summ      Unusable   N/A       N/A         7

Dungeon Overview and Level Annotations

Branches:
Dungeon (12/15)            Temple (1/1) D:7            Lair (0/5) D:10
    Orc (0/2) D:9          Bailey (visited)

Altars:
Ashenzari
Cheibriados
Dithmenos
Fedhas
Gozag
Hepliaklqana
Kikubaaqudgha
Makhleb
Nemelex Xobeh
Okawaru
Qazlal
Ru
Sif Muna
Trog
Uskayaw
Vehumet
Wu Jian
Xom
Yredelemnul

Shops:
D:1 =   D:4 :(=   D:7 *

Annotations:
D:12 Snorg


Innate Abilities, Weirdness & Mutations

You are immune to poison.
You have sharp fingernails.
Your flesh is cold resistant. (rC+)
You are immune to negative energy. (rN+++)
You do not regenerate when monsters are visible.
You are immune to unholy pain and torment.
You sometimes lose the ability to read scrolls when taking damage.
You cannot study or cast Conjurations magic.
You cannot study or cast Ice magic.
You cannot study or cast Transmutations magic.
You thrive by killing the living.


Message History

Snorg closely misses you. Snorg completely misses you.
Snorg claws you but does no damage. You block Snorg's attack. Snorg claws you!
You focus your inner power and illuminate Snorg in retribution!
Snorg closely misses you.
You puncture Snorg!
You feel better.
Snorg is heavily wounded.
Snorg bites you! Snorg claws you! You block Snorg's attack.
Snorg closely misses you. Snorg claws you.
* * * LOW HITPOINT WARNING * * *
Snorg claws you.
* * * LOW HITPOINT WARNING * * *
Aiming: Paralyse
Press: ? - help, Shift-Dir - straight line, f - Snorg
Aim: Snorg (heavily wounded, berserk, softly glowing, chance to affect: 31%) Snorg easily resists.
Snorg bites you.
* * * LOW HITPOINT WARNING * * *
You block Snorg's attack. Snorg barely misses you.
Aiming: Mindburst
Press: ? - help, Shift-Dir - straight line, f/p - Snorg
Aim: Snorg (heavily wounded, berserk, softly glowing, chance to affect: 56%) Snorg's mind is blasted!
Snorg stops glowing.
Snorg bites you but does no damage. Snorg claws you but does no damage.
Snorg barely misses you. Snorg bites you but does no damage.
You block Snorg's attack. Snorg claws you but does no damage.
Aiming: Mindburst
Press: ? - help, Shift-Dir - straight line, f/p - Snorg
Aim: Snorg (heavily wounded, berserk, chance to affect: 56%) Snorg's mind is blasted!!
Snorg barely misses you. You block Snorg's attack. Snorg closely misses you.
You slice Snorg!!
You feel better.
Snorg is almost dead.
Snorg bites you!
* * * LOW HITPOINT WARNING * * *
You focus your inner power and blind Snorg in retribution!
Snorg closely misses you. Snorg claws you!
* * * LOW HITPOINT WARNING * * *
Snorg bites you.
* * * LOW HITPOINT WARNING * * *
Snorg claws you.
You die...

.....#
#####........#
......#
#.....#####
........
#.....#
#.#.####
#.....# .###
##...## ..
##.## #.###
#.#T# #.@#
........#.#
.###......#
.......###
######.# #.#
#.# #.#


You could see Snorg (berserk, blind).

Vanquished Creatures
  Kirke (D:12)
  7 two-headed ogres
  Amaemon (D:9)
  Pikel (D:7)
  4 orc knights (D:11)
  Maurice (D:12)
  2 gargoyles
  An orange demon (D:9)
  Joseph (D:9)
  2 komodo dragons (D:11)
  A kobold demonologist (D:11)
  2 vampires
  A wraith (D:12)
  20 yaks
  2 shadows
  A hog (D:12)
  3 steam dragons
  2 acid dragons (D:9)
  3 water moccasins (D:10)
  6 orc warriors
  4 black bears
  2 ice beasts (D:6)
  2 ogres
  13 centaurs
  6 kobold brigands
  2 phantoms (D:5)
  6 bullfrogs
  3 gnoll sergeants
  4 scorpions
  26 wights
  22 killer bees
  8 vampire bats (Bailey)
  7 wolf zombies (Bailey)
  4 howler monkeys
  3 jellies
  8 orc priests
  A gnoll bouda (D:7)
  3 hounds
  A sleepcap (D:7)
  Ijyb (D:5)
  2 iguanas (D:6)
  8 orc wizards
  15 gnolls
  11 adders
  2 white imps (D:7)
  4 worms
  32 orcs
  7 endoplasms
  4 giant cockroaches
  6 goblins
  13 hobgoblins
  9 jackals
  22 kobolds
  2 quokkas
  9 ball pythons
  6 bats
  2 frilled lizards (D:2)
  22 orc zombies (Bailey)
  5 rats
369 creatures vanquished.

Vanquished Creatures (others)
  A cyclops (D:12)
  A human (D:12)
  2 yaks (D:10)
4 creatures vanquished.

Grand Total: 373 creatures vanquished

Notes
Turn   | Place    | Note
-------+----------+-------------------------------------------
     0 | D:1      | Revguard the Ghoul Gladiator began the quest for the Orb.
     0 | D:1      | Reached XP level 1. HP: 17/17 MP: 0/0
   186 | D:1      | Reached XP level 2. HP: 25/25 MP: 1/1
   519 | D:1      | Found Pazar's Jewellery Shoppe.
   635 | D:2      | Reached skill level 1 in Armour
   658 | D:2      | Reached XP level 3. HP: 28/30 MP: 2/2
  1041 | D:2      | Found a sparkling altar of Nemelex Xobeh.
  1067 | D:2      | Reached skill level 3 in Fighting
  1451 | D:3      | Reached XP level 4. HP: 38/38 MP: 3/3
  1496 | D:3      | Reached skill level 1 in Evocations
  1623 | D:3      | Reached XP level 5. HP: 45/45 MP: 4/4
  2011 | D:4      | Found Uhuraege's Book Shop.
  2240 | D:4      | Found Hutt's Weapon Shop.
  2344 | D:4      | Found Voptaysi's Jewellery Emporium.
  2761 | D:4      | Found the +3 hat of Pondering {ponderous, Will+ MP+10
                  | Int+5}
  2776 | D:4      | Reached XP level 6. HP: 52/52 MP: 5/5
  2830 | D:5      | Entered Level 5 of the Dungeon
  2830 | D:5      | Noticed a black bear
  2838 | D:5      | Killed a black bear
  2839 | D:5      | Reached skill level 4 in Fighting
  2990 | D:5      | Reached XP level 7. HP: 41/60 MP: 6/6
  3004 | D:5      | Found a stormy altar of Qazlal.
  3004 | D:5      | Found an ancient bone altar of Kikubaaqudgha.
  3090 | D:5      | Found a hazy altar of Hepliaklqana.
  3093 | D:5      | Found a shimmering altar of Xom.
  3149 | D:5      | Noticed Ijyb
  3154 | D:5      | Reached skill level 5 in Fighting
  3155 | D:5      | Paralysed by Ijyb for 2 turns
  3161 | D:5      | Paralysed by Ijyb for 3 turns
  3165 | D:5      | Paralysed by Ijyb for 3 turns
  3171 | D:5      | Killed Ijyb
  3567 | D:5      | Found a burning altar of Makhleb.
  3567 | D:5      | Noticed a cacodemon
  3573 | D:5      | Noticed a ynoxinul
  3573 | D:5      | Noticed a smoke demon
  3609 | D:5      | Reached XP level 8. HP: 69/69 MP: 7/7
  3934 | D:6      | Noticed a two-headed ogre
  4227 | D:6      | Reached skill level 6 in Fighting
  4230 | D:6      | Killed a two-headed ogre
  4231 | D:6      | Reached skill level 5 in Armour
  4231 | D:6      | Reached XP level 9. HP: 46/78 MP: 8/8
  4380 | D:6      | Found a sacrificial altar of Ru.
  4399 | D:6      | Reached skill level 7 in Fighting
  4402 | D:6      | Became a worshipper of Ru the Awakened
  4425 | D:6      | Reached skill level 5 in Axes
  4425 | D:6      | Reached skill level 5 in Dodging
  4581 | D:6      | HP: 3/79 [orc warrior/+0 scimitar (12)]
  4840 | D:6      | Found a shadowy altar of Dithmenos.
  5192 | D:7      | Reached skill level 8 in Fighting
  5485 | D:7      | Reached XP level 10. HP: 78/88 MP: 9/9
  5530 | D:7      | Noticed Pikel
  5539 | D:7      | Killed Pikel
  5623 | D:7      | Found Zeboch's Gadget Gallery.
  5629 | D:7      | Bought a wand of quicksilver (6) for 277 gold pieces
  5789 | D:7      | Found a staircase to the Ecumenical Temple.
  5818 | Temple   | Entered the Ecumenical Temple
  5819 | Temple   | Gained mutation: You occasionally lose the ability to read
                  | scrolls when taking damage. [Ru sacrifice]
  5819 | Temple   | Gained mutation: You sometimes lose the ability to read
                  | scrolls when taking damage. [Ru sacrifice]
  5819 | Temple   | Reached * piety under Ru
  6499 | D:8      | Reached skill level 9 in Fighting
  6574 | D:8      | Reached skill level 5 in Evocations
  7824 | D:9      | Found a staircase to the Orcish Mines.
  7997 | D:9      | Reached XP level 11. HP: 57/99 MP: 10/10
  8378 | D:9      | Gained mutation: You cannot study or cast Ice magic. [Ru
                  | sacrifice]
  8378 | D:9      | Gained mutation: You cannot study or cast Transmutations
                  | magic. [Ru sacrifice]
  8378 | D:9      | Gained mutation: You cannot study or cast Conjurations
                  | magic. [Ru sacrifice]
  8378 | D:9      | Reached ** piety under Ru
  8398 | D:9      | Noticed Amaemon
  8411 | D:9      | Killed Amaemon
  8412 | D:9      | Reached skill level 10 in Fighting
  8943 | D:9      | Noticed Joseph
  8955 | D:9      | Killed Joseph
  9375 | D:10     | Entered Level 10 of the Dungeon
  9406 | D:10     | Found a flagged portal.
  9436 | Bailey   | Entered a bailey
  9685 | Bailey   | Identified the +0 chain mail of Too Many Cooks {Int+5
                  | Dex+3}
 10024 | Bailey   | Identified the +4 ring mail "Geafur" {rCorr Str+3}
 10025 | Bailey   | Identified the +2 steam dragon scales of the Garden {rN+}
 10218 | D:10     | Found a staircase to the Lair.
 10312 | D:10     | Reached skill level 11 in Fighting
 10568 | D:10     | Noticed a two-headed ogre
 10576 | D:10     | Killed a two-headed ogre
 10577 | D:10     | Reached XP level 12. HP: 54/110 MP: 11/11
 11266 | D:10     | Found a sparkling altar of Nemelex Xobeh.
 11471 | D:11     | Noticed a two-headed ogre
 11478 | D:11     | Killed a two-headed ogre
 11770 | D:11     | Noticed a two-headed ogre
 11780 | D:11     | Killed a two-headed ogre
 12044 | D:11     | Noticed a two-headed ogre
 12053 | D:11     | Killed a two-headed ogre
 12343 | D:11     | Noticed a two-headed ogre
 12354 | D:11     | Killed a two-headed ogre
 12678 | D:11     | Noticed a two-headed ogre
 12691 | D:11     | Killed a two-headed ogre
 12692 | D:11     | Reached skill level 12 in Fighting
 12707 | D:11     | Reached skill level 10 in Armour
 13093 | D:12     | Noticed Kirke
 13125 | D:12     | Found a basalt altar of Yredelemnul.
 13143 | D:12     | HP: 3/112 [something (12)]
 13148 | D:12     | HP: 3/112 [something (4)]
 13435 | D:12     | Killed Kirke
 13436 | D:12     | Reached XP level 13. HP: 118/118 MP: 12/12
 13494 | D:12     | Noticed Maurice
 13506 | D:12     | Something stole 455 gold
 13518 | D:12     | Something stole a +6 ring of strength
 13527 | D:12     | Killed Maurice
 13684 | D:12     | Noticed Snorg
 13698 | D:12     | HP: 4/119 [Snorg (6)]
 13698 | D:12     | Slain by Snorg

Illustrated notes

Levels and vault maps discovered:
D:1:      minmay_arrival_shattered_statue, layout_loops_ring, serial_shops,
          nicolae_shop_peninsula
D:2:      layout_basic, basic_altar
D:3:      layout_rooms
D:4:      layout_loops_corners, serial_shops, nicolae_take_the_stairs, shop,
          shop, minmay_misc_feat_rows, minivault_26
D:5:      layout_loops_cross, grunt_temple_overflow_cloverleaf,
          makhleb_altar_promises_db, kennysheep_generic_room_8, uniq_ijyb
D:6:      layout_cave_pools, mainiacjoe_overflow_24_doors,
          nicolae_ru_great_annihilating_truth, centaur_isle
D:7:      layout_loops_ring, minmay_temple_entry_glass, nicolae_shop_gadgets,
          uniq_pikel
D:8:      layout_loops_ring, kennysheep_generic_room_16
D:9:      layout_stronghold, orc_0_dummy, uniq_joseph, uniq_amaemon
D:10:     layout_loops_cross, mainiacjoe_overflow_alcove_4,
          due_lair_maze_entry_diamond, enter_bailey_2, glass_columns_c,
          lightli_orcish_oven
D:11:     layout_loops_ring, gauntlet_entry_generic, sword_in_stone
D:12:     layout_loops_cross, yredelemnul_altar_generic, uniq_snorg,
          uniq_maurice, uniq_kirke
Temple:   eino_narrow_crystal_temple

Skill      XL: |  1  2  3  4  5  6  7  8  9 10 11 12 13 |
---------------+----------------------------------------+-----
Armour         | 1 2 3 5 6 7 9 10 | 10.2
Fighting       | 3 4 5 6 8 9 11 12 | 12.3
Dodging        | 3 4 5 6 7 8 |  8.0
Evocations     | 1 2 3 4 5 6 7 |  7.1
Axes           | 3 4 5 6 8 9 |  9.4
Throwing       | |  1.7
Invocations    | |  0.7

Action                     |  1- 3 |  4- 6 |  7- 9 | 10-12 | 13-15 || total
---------------------------+-------+-------+-------+-------+-------++-------
  Melee: War axe           |   121 |   111 |   230 |    35 |       ||   497
         Punch             |     1 |     1 |     3 |     6 |       ||    11
         Halberd           |       |       |       |   259 |    31 ||   290
         Demon whip        |       |       |       |   630 |       ||   630
         Battleaxe         |       |       |       |     9 |     2 ||    11
 Invoke: Sacrifice Words   |       |       |       |     1 |       ||     1
         Sacrifice Arcana  |       |       |       |     1 |       ||     1
         Reject Sacrifices |       |       |       |     1 |       ||     1
  Evoke: Wand              |       |       |    17 |    12 |     3 ||    32
    Use: Scroll            |     4 |       |     5 |     8 |     1 ||    18
         Potion            |       |     1 |     5 |     7 |       ||    13
   Stab: Paralysed         |       |       |    14 |     2 |       ||    16
         Distracted        |       |       |       |     1 |       ||     1
         Invisible         |       |       |       |     1 |       ||     1
 Armour: Leather armour    |    61 |       |       |       |       ||    61
         Scale mail        |    16 |    34 |       |       |       ||    50
         Chain mail        |       |    87 |   173 |       |       ||   260
         Plate armour      |       |       |    84 |   562 |    67 ||   713
         Quicksilver drago |       |       |       |   257 |       ||   257
  Dodge: Dodged            |    86 |   117 |   122 |   493 |    20 ||   838
  Block: Other             |       |       |    31 |   213 |    12 ||   256
         Reflection        |       |       |       |     7 |     2 ||     9

Table legend: (Time is in decaauts)
 A = Elapsed time spent in this place.
 B = Non-inter-level travel time spent in this place.
 C = Inter-level travel time spent in this place.
 D = Time resting spent in this place.
 E = Time spent auto-exploring this place.
 F = Levels seen in this place.
 G = Mean time per level.
                   A        B        C        D        E       F      G
               +--------+--------+--------+--------+--------+-----+--------+
         Total |  13829 |  13265 |    564 |    862 |   9125 |  14 |  987.8 |
       Dungeon |  13092 |  12529 |    563 |    824 |   8762 |  12 | 1091.0 |
        Temple |      2 |      1 |      1 |      0 |      0 |   1 |    2.0 |
        Bailey |    735 |    735 |      0 |     38 |    363 |   1 |  735.0 |
               +--------+--------+--------+--------+--------+-----+--------+

Top non-repeatable levels by time:
     D:9: 1530 daAuts
    D:11: 1431 daAuts
     D:8: 1382 daAuts
     D:7: 1362 daAuts
    D:10: 1312 daAuts
     D:5: 1298 daAuts
     D:6: 1109 daAuts
     D:4: 871 daAuts
     D:2: 785 daAuts
    D:12: 778 daAuts
  Bailey: 735 daAuts
     D:3: 640 daAuts
     D:1: 589 daAuts
  Temple: 2 daAuts
